AoeStats
← Knacks26

Hill Fort

506845281Analyzed
2v2 RM · 16d ago on Sep 15, 2026· 73m 33s· 4 players
Game mode
Random Map
Map size
Medium (4 player)
Population
200
Speed
Normal
Resources
Standard
Victory
Conquest
Starting age
Dark Age
Ending age
Imperial Age
RankedLock teamsTeams togetherTeam positionsShared explorationLock speedFull tech treeHidden civsTurbo modeCheats
Victory
Defeat
🇫🇷 Romans · France
575
+13
🇺🇸 Burgundians · United States
559
+14
🇦🇷 Huns · Argentina
523
-14
🇨🇴 Magyars · Colombia
504
-13
AngeloCDLM1946
11:43 Feudal Age
13:06 Double-Bit Axe
13:11 Loom
13:48 Town Watch
14:47 Horse Collar
15:53 Wheelbarrow
22:29 Bloodlines
25:12 Castle Age
25:17 Light Cavalry
25:58 Husbandry
26:11 Town Patrol
29:35 Hand Cart
33:34 Bow Saw
33:26 Heavy Plow
33:48 Guard Tower
33:54 Murder Holes
33:40 Treadmill Crane
34:13 Scale Barding Armor
34:09 Scale Mail Armor
34:09 Padded Archer Armor
42:41 Imperial Age
42:11 Masonry
43:06 Pikeman
44:30 Corvinian Army
45:07 Hoardings
javitostar19
11:31 Feudal Age
13:22 Wheelbarrow
20:42 Castle Age
23:14 Double-Bit Axe
24:29 Hand Cart
25:54 Crossbowman
30:58 Bow Saw
30:56 Light Cavalry
33:03 Horse Collar
34:42 Town Watch
35:00 Pikeman
35:00 Man-at-Arms
36:11 Scale Mail Armor
37:58 Town Patrol
40:24 Heavy Plow
42:44 Husbandry
46:55 Imperial Age
44:18 Long Swordsman
45:13 Bloodlines
44:28 Elite Skirmisher
45:29 Forging
45:26 Scale Barding Armor
46:49 Iron Casting
46:30 Chain Mail Armor
46:05 Fletching
46:15 Padded Archer Armor
46:52 Arson
47:02 Halberdier
50:24 Conscription
54:25 Cavalier
57:12 Two-Man Saw
56:31 Leather Archer Armor
56:11 Bodkin Arrow
56:41 Two-Handed Swordsman
66:26 Bracer
65:59 Capped Ram
Knacks26
0:51 Loom
12:59 Feudal Age
13:56 Double-Bit Axe
13:59 Horse Collar
14:57 Wheelbarrow
19:58 Gold Mining
21:29 Bloodlines
21:53 Stone Mining
24:30 Castle Age
25:53 Hand Cart
27:24 Bow Saw
27:55 Forging
27:58 Pikeman
31:31 Gold Shaft Mining
31:02 Heavy Plow
31:36 Caravan
32:19 Squires
33:27 Scale Mail Armor
34:28 Town Watch
37:17 Iron Casting
42:19 Husbandry
48:16 Murder Holes
48:34 Masonry
48:46 Ballistics
49:40 Scale Barding Armor
49:51 Chain Mail Armor
51:28 Ballistas
55:52 Imperial Age
55:53 Elite Centurion
58:26 Crop Rotation
59:05 Conscription
59:48 Blast Furnace
59:09 Chain Barding Armor
60:15 Chemistry
59:28 Fortified Wall
59:52 Architecture
59:29 Siege Engineers
59:18 Halberdier
61:45 Heavy Scorpion
69:50 Plate Barding Armor
69:53 Comitatenses
Ghosts_See_Me
1:51 Wheelbarrow
1:17 Loom
6:49 Double-Bit Axe
13:48 Feudal Age
13:45 Horse Collar
15:55 Gold Mining
16:53 Heavy Plow
17:54 Bow Saw
19:16 Hand Cart
19:22 Man-at-Arms
19:49 Arson
20:54 Caravan
23:55 Gold Shaft Mining
27:10 Castle Age
25:25 Stone Mining
25:51 Forging
25:43 Scale Mail Armor
25:34 Fletching
25:46 Padded Archer Armor
25:41 Town Watch
27:24 Scale Barding Armor
28:05 Guilds
29:10 Two-Man Saw
28:54 Squires
29:40 Stone Shaft Mining
29:41 Husbandry
30:17 Cavalier
33:01 Crop Rotation
33:08 Pikeman
33:09 Long Swordsman
34:13 Chain Barding Armor
33:28 Elite Skirmisher
36:52 Iron Casting
36:59 Treadmill Crane
38:14 Chain Mail Armor
39:01 Ballistics
39:45 Fortified Wall
39:46 Masonry
41:18 Bodkin Arrow
44:03 Redemption
44:24 Burgundian Vineyards
47:18 Imperial Age
46:04 Murder Holes
46:51 Crossbowman
48:26 Conscription
49:20 Chemistry
47:58 Halberdier
48:13 Capped Ram
50:05 Paladin
52:53 Two-Handed Swordsman
53:56 Leather Archer Armor
57:58 Blast Furnace
59:19 Plate Barding Armor
58:46 Bracer
64:16 Plate Mail Armor
64:15 Bombard Tower
64:26 Architecture
67:26 Elite Coustillier
Connection lost

Rejoining the realm…

Still unreachable

The connection could not be restored.

Session expired

The server has moved on; the page needs a fresh start.